AoeStats
← Tiny7192

Black Forest

510512961Analyzed
4v4 RM · 1d ago on Oct 1, 2026· 87m 15s· 8 players
Game mode
Random Map
Map size
Large (8 player)
Population
200
Speed
Normal
Resources
Standard
Victory
Conquest
Starting age
Dark Age
Ending age
Imperial Age
RankedLock teamsTeams togetherTeam positionsShared explorationLock speedFull tech treeHidden civsTurbo modeCheats
Victory
Defeat
🇨🇳 Bulgarians · China
815
+14
🇪🇸 Franks · Spain
778
+16
🇨🇳 Celts · China
762
+16
🇩🇪 Mongols · Germany
756
+17
🇺🇸 Khmer · United States
816
-18
🇨🇳 Bohemians · China
806
-17
🇦🇺 Lithuanians · Australia
778
-16
🇦🇺 Franks · Australia
691
-12
Stanislaus1234
0:32 Loom
12:55 Feudal Age
17:31 Castle Age
15:52 Double-Bit Axe
20:25 Wheelbarrow
20:09 Bow Saw
29:30 Stone Mining
30:21 Forging
31:25 Hand Cart
32:09 Caravan
33:03 Iron Casting
36:15 Imperial Age
35:16 Scale Barding Armor
35:54 Fortified Wall
36:06 Ballistics
35:30 Treadmill Crane
35:45 Pikeman
36:31 Gold Mining
36:49 Town Watch
37:09 Padded Archer Armor
37:11 Husbandry
36:33 Cavalier
37:42 Conscription
37:28 Squires
36:56 Onager
37:59 Chivalry
38:59 Gold Shaft Mining
39:47 Chemistry
38:59 Paladin
39:52 Gambesons
41:18 Blast Furnace
40:13 Halberdier
40:46 Light Cavalry
42:09 Chain Barding Armor
41:50 Scale Mail Armor
46:20 Plate Barding Armor
46:01 Chain Mail Armor
50:28 Plate Mail Armor
82:31 Town Patrol
haodeheng
0:40 Loom
13:00 Feudal Age
22:39 Castle Age
21:07 Double-Bit Axe
21:17 Stone Mining
21:48 Horse Collar
24:21 Caravan
26:56 Heavy Plow
27:36 Stone Shaft Mining
29:19 Gold Mining
31:24 Wheelbarrow
35:57 Imperial Age
33:05 Man-at-Arms
33:33 Gambesons
34:21 Bow Saw
34:40 Forging
35:28 Hand Cart
36:08 Gold Shaft Mining
35:40 Long Swordsman
36:42 Two-Handed Swordsman
37:50 Ballistics
38:18 Iron Casting
37:44 Scale Mail Armor
37:53 Capped Ram
39:38 Blast Furnace
38:26 Pikeman
39:26 Chain Mail Armor
39:02 Fletching
39:12 Padded Archer Armor
41:07 Chemistry
40:33 Conscription
40:03 Stronghold
42:04 Plate Mail Armor
41:35 Padded Archer Armor
41:31 Bodkin Arrow
42:17 Hoardings
42:33 Onager
43:01 Halberdier
44:36 Champion
47:21 Leather Archer Armor
sascha.m.89x
1:44 Loom
11:40 Feudal Age
12:07 Double-Bit Axe
12:07 Horse Collar
14:42 Stone Mining
16:03 Wheelbarrow
19:28 Castle Age
17:54 Gold Mining
21:36 Heavy Plow
22:59 Bow Saw
25:57 Hand Cart
27:25 Gold Shaft Mining
27:35 Stone Shaft Mining
30:00 Ballistics
32:29 Imperial Age
30:48 Fletching
30:59 Padded Archer Armor
31:23 Ballistics
31:37 Fortified Wall
32:44 Bodkin Arrow
33:04 Leather Archer Armor
33:23 Bracer
34:03 Conscription
34:14 Scale Barding Armor
35:39 Chemistry
35:46 Husbandry
35:56 Bloodlines
35:14 Light Cavalry
35:16 Heavy Camel Rider
36:59 Chain Barding Armor
36:34 Elite Mangudai
37:16 Nomads
37:52 Parthian Tactics
38:09 Forging
38:45 Thumb Ring
38:36 Onager
39:42 Drill
41:30 Iron Casting
42:48 Blast Furnace
42:28 Caravan
41:59 Siege Onager
42:17 Hussar
45:32 Siege Engineers
72:01 Elite Skirmisher
Tiny7192
0:30 Loom
13:54 Feudal Age
18:48 Castle Age
17:19 Double-Bit Axe
17:56 Horse Collar
25:25 Bow Saw
25:53 Town Watch
28:59 Scale Barding Armor
29:47 Chain Barding Armor
29:31 Town Patrol
30:10 Wheelbarrow
30:25 Forging
30:25 Gold Mining
30:39 Heavy Plow
31:36 Iron Casting
31:31 Hand Cart
33:00 Bloodlines
32:53 Husbandry
33:26 Fletching
34:00 Stone Mining
35:33 Stone Shaft Mining
37:46 Imperial Age
36:20 Bodkin Arrow
36:29 Scale Mail Armor
37:26 Gold Shaft Mining
38:04 Elite Konnik
39:33 Plate Barding Armor
40:00 Blast Furnace
40:00 Crop Rotation
40:12 Chain Mail Armor
40:29 Caravan
41:48 Conscription
41:26 Stirrups
41:17 Capped Ram
42:42 Plate Mail Armor
42:44 Bagains
42:07 Siege Ram
42:14 Siege Ram
43:28 Siege Engineers
43:37 Masonry
43:24 Murder Holes
46:56 Heavy Scorpion
63:06 Gambesons
63:25 Squires
63:13 Arson
63:24 Onager
65:18 Siege Onager
69:32 Pikeman
71:19 Halberdier
SLIIMSYice
0:38 Loom
14:29 Feudal Age
14:55 Double-Bit Axe
20:09 Castle Age
21:16 Bow Saw
21:44 Wheelbarrow
29:38 Hand Cart
29:16 Stone Mining
29:18 Gold Mining
29:31 Caravan
30:02 Coinage
31:27 Gold Shaft Mining
35:38 Imperial Age
35:41 Squires
35:02 Pikeman
35:48 Husbandry
36:54 Fortified Wall
37:07 Conscription
36:50 Chivalry
36:13 Cavalier
37:33 Paladin
39:42 Banking
40:02 Scale Barding Armor
39:58 Scale Mail Armor
40:09 Forging
40:32 Murder Holes
40:49 Masonry
40:05 Halberdier
41:11 Chain Barding Armor
42:44 Hoardings
43:28 Chain Mail Armor
43:49 Iron Casting
43:50 Plate Barding Armor
43:48 Architecture
45:51 Plate Mail Armor
DrDripz
0:35 Loom
12:11 Feudal Age
13:49 Double-Bit Axe
13:46 Horse Collar
15:46 Gold Mining
20:10 Wheelbarrow
22:26 Stone Mining
25:32 Castle Age
24:12 Scale Barding Armor
24:26 Forging
27:18 Caravan
29:47 Bow Saw
29:44 Husbandry
29:55 Bloodlines
29:08 Light Cavalry
32:00 Iron Casting
31:46 Chain Barding Armor
34:16 Fortified Wall
34:03 Murder Holes
38:04 Imperial Age
36:18 Ballistics
36:25 Hand Cart
37:27 Hill Forts
37:40 Hill Forts
37:43 Fletching
37:53 Padded Archer Armor
37:53 Scale Mail Armor
37:22 Man-at-Arms
37:23 Pikeman
38:03 Squires
37:49 Arson
38:13 Cavalier
38:59 Heavy Plow
40:08 Two-Man Saw
39:34 Guilds
40:03 Conscription
39:51 Long Swordsman
39:52 Halberdier
39:55 Crossbowman
39:57 Elite Skirmisher
40:52 Town Watch
43:11 Stone Shaft Mining
42:45 Elite Leitis
42:51 Two-Handed Swordsman
43:45 Tower Shields
45:03 Paladin
51:55 Winged Hussar
55:48 Thumb Ring
72:39 Champion
seven^^
11:35 Feudal Age
16:00 Castle Age
14:38 Double-Bit Axe
23:42 Horse Collar
25:57 Sanctity
25:47 Fervor
27:31 Bow Saw
27:25 Heavy Plow
28:58 Wheelbarrow
32:36 Imperial Age
30:23 Hand Cart
32:35 Chemistry
33:07 Caravan
33:32 Forging
33:22 Scale Mail Armor
34:26 Two-Man Saw
33:51 Wagenburg Tactics
34:09 Wagenburg Tactics
35:06 Iron Casting
34:03 Pikeman
34:57 Squires
34:45 Arson
35:17 Chain Mail Armor
35:10 Halberdier
38:22 Blast Furnace
37:53 Plate Mail Armor
37:44 Houfnice
39:12 Siege Engineers
42:50 Fortified Wall
42:55 Masonry
62:30 Hussite Reforms
64:42 Padded Archer Armor
64:33 Fletching
65:51 Elite Skirmisher
69:19 Leather Archer Armor
68:59 Bodkin Arrow
71:36 Redemption
71:44 Redemption
71:35 Atonement
71:35 Devotion
71:32 Herbal Medicine
71:57 Heresy
72:13 Theocracy
72:04 Illumination
84:10 Ring Archer Armor
83:41 Bracer
eleven
10:56 Feudal Age
12:14 Wheelbarrow
11:28 Double-Bit Axe
12:54 Gold Mining
17:20 Castle Age
16:09 Horse Collar
16:55 Stone Mining
18:27 Hand Cart
19:31 Bow Saw
25:57 Heavy Plow
26:57 Gold Shaft Mining
27:02 Stone Shaft Mining
28:23 Forging
28:13 Scale Mail Armor
28:20 Scale Barding Armor
28:37 Ballistics
30:23 Coinage
29:54 Caravan
30:06 Caravan
34:38 Imperial Age
32:53 Iron Casting
32:39 Chain Barding Armor
32:35 Chain Mail Armor
31:54 Pikeman
32:19 Arson
31:58 Light Cavalry
32:38 Husbandry
32:50 Bloodlines
35:08 Heavy Scorpion
36:52 Chemistry
35:58 Siege Engineers
36:57 Blast Furnace
36:32 Plate Barding Armor
35:20 Halberdier
35:27 Hussar
37:10 Banking
37:19 Crop Rotation
37:44 Masonry
37:45 Fortified Wall
38:05 Conscription
38:50 Town Watch
38:51 Loom
38:35 Onager
38:36 Capped Ram
39:22 Double Crossbow
50:27 Siege Ram
54:49 Architecture
60:43 Elite Skirmisher
68:01 Fletching
68:11 Padded Archer Armor
82:24 Town Patrol
Connection lost

Rejoining the realm…

Still unreachable

The connection could not be restored.

Session expired

The server has moved on; the page needs a fresh start.